 Dungeon Crawl Stone Soup version 0.26-a0-201-gb271ac0e06 (console) character file.

Game seed: 13182398769919549313

3 bli the Insei (level 1, 0/15 HPs)
             Began as a Merfolk Transmuter on July 5, 2020.
             Slain by a dart slug (2 damage)
             ... on level 1 of the Dungeon.
             The game lasted 00:00:45 (193 turns).

bli the Insei (Merfolk Transmuter)                   Turns: 193, Time: 00:00:46

Health: 0/15       AC:  2    Str: 10    XL:     1   Next: 50%
Magic:  2/3        EV: 13    Int: 12    God:
Gold:   25         SH:  0    Dex: 14    Spells: 3/4 levels left

rFire    . . .     SeeInvis .     - Unarmed
rCold    . . .     Faith    .   (no shield)
rNeg     . . .     Spirit   .   b - +0 robe
rPois    .         Reflect  .   (no helmet)
rElec    .         Harm     .   (no cloak)
rCorr    .                      (no gloves)
MR       .....                  (no boots)
Stlth    +.........             (no amulet)
HPRegen  0.05/turn              (no ring)
MPRegen  0.08/turn              (no ring)

@: appendage
A: change form in water, swift swim, stealthy swim, horns 2
a: End Transformation


You were on level 1 of the Dungeon.
You were not hungry.
You had grown temporary horns.
You visited 1 branch of the dungeon, and saw 1 of its levels.

You collected 25 gold pieces.

Inventory:

Missiles
 a - 12 arrows
 c - 17 stones (quivered)
Armour
 b - a +0 robe (worn)
 e - a +0 ring mail
Scrolls
 f - 2 scrolls of amnesia {unknown}
 h - a scroll of remove curse {unknown}
Potions
 i - a potion of flight {unknown}
Comestibles
 d - a ration
 g - a chunk of flesh


   Skills:
 + Level 1.1 Fighting
 + Level 2.7 Dodging
 * Level 3.5 Unarmed Combat
 + Level 2.0 Spellcasting
 - Level 2.6 Transmutations


You had 3 spell levels left.
You knew the following spells:

 Your Spells              Type           Power        Failure   Level  Hunger
a - Beastly Appendage     Tmut           #.....       9%          1    ##.....

Your spell library contained the following spells:

 Spells                   Type           Power        Failure   Level  Hunger
 Sticks to Snakes         Tmut           #.......     14%         2    ###....
 Spider Form              Tmut/Pois      #.........   43%         3    ####...
 Ice Form                 Ice/Tmut       #.......     83%         4    #####..
 Blade Hands              Tmut           #.........   94%         5    ######.


Dungeon Overview and Level Annotations

Branches:
Dungeon (1/15)

Altars:


Innate Abilities, Weirdness & Mutations

You revert to your normal form in water.
You are very nimble and swift while swimming.
You are very stealthy in the water. (Stealth+)
You have a pair of horns on your head.


Message History

The dart slug launches a dart at you. The slug dart hits you.
A kobold comes into view.
There is a large open door here.
Casting: Beastly Appendage (safe; 9% risk of failure)
Confirm with . or Enter, or press ? or * to list all spells.
You grow a pair of large bovine horns.
The kobold closely misses you.
You hit the dart slug.
The dart slug is moderately wounded.
The kobold closely misses you.
You barely miss the kobold. The kobold hits you with a +0 dagger.
* * * LOW HITPOINT WARNING * * *
The dart slug bites you.
* * * LOW HITPOINT WARNING * * *
You hit the dart slug.
The dart slug is heavily wounded.
The kobold closely misses you.
You closely miss the kobold. The dart slug bites you.
You die...

#..#......8.#..##.#
#..#...##...#..>...
#..#..####..#.....#
#..'..'<>+..+... .#
#..#..####..#
#..#...##...#
#..#.8....).#
#..#........#
#..##.8....##
#..##......#
#..###K@..##
##..####w'####..#
................#
K................
.##.......####..
#.......#
.g...........+
#####.#...####
......# .#.#)...
#.# #.#.##


You could see a dart slug and a kobold.

Vanquished Creatures
  A dart slug (D:1)
  A frilled lizard (D:1)
2 creatures vanquished.

Notes
Turn   | Place    | Note
-------+----------+-------------------------------------------
     0 | D:1      | bli the Merfolk Transmuter began the quest for the Orb.
     0 | D:1      | Reached XP level 1. HP: 15/15 MP: 3/3
   193 | D:1      | Slain by a dart slug

Illustrated notes

Levels and vault maps discovered:
D:1:      dpeg_arrival_refuge, layout_loops_corners

Action                   || total
-------------------------++-------
Melee: Unarmed           ||    10
 Cast: Beastly Appendage ||     3
Armor: Robe              ||     1
Dodge: Dodged            ||     6

Table legend:
 A = Non-vault XP
 B = Vault XP
 C = Vault XP percentage of total XP
 D = Non-vault monster count
 E = Vault monster count
 F = Vault count percentage of total count
                 A         B        C        D         E       F
            +---------+---------+-------+---------+---------+-------
      Total |       5 |       0 |   0.0 |       2 |       0 |   0.0
            +---------+---------+-------+---------+---------+-------
        D:1 |       5 |       0 |   0.0 |       2 |       0 |   0.0
            +---------+---------+-------+---------+---------+-------
